 Dungeon Crawl Stone Soup version 0.19-a0-811-gf4045fb (webtiles) character file.

144 Stormbringer the Insei (level 5, 0/41 HPs)
             Began as a Mummy Monk on June 28, 2016.
             Slain by an orc (4 damage)
             ... on level 3 of the Dungeon.
             The game lasted 00:04:50 (3172 turns).

Stormbringer the Insei (Mummy Monk)                 Turns: 3172, Time: 00:04:51

Health: 0/41       AC:  3    Str: 15    XL:     5   Next: 5%
Magic:  5/5        EV: 13    Int:  9    God:
Gold:   92         SH:  0    Dex: 15    Spells: 0 memorised, 4 levels left

rFire  x . .     SeeInvis .       - Unarmed
rCold  + . .     Gourm    .     (no armour)
rNeg   + + +     Faith    .     (no shield)
rPois  ∞         Spirit   .     a - +2 helmet
rElec  .         Dismiss  .     (no cloak)
rCorr  .         Reflect  .     (no gloves)
SustAt .         Harm     .     (no boots)
MR     .....                    (no amulet)
Stlth  ++........               (no ring)
                                (no ring)

@: not resistant to hostile enchantments, unstealthy
A: no food or potions, fire vulnerability, cold resistance 1, negative energy
resistance 3, torment resistance, unbreathing
a: no special abilities


You were on level 3 of the Dungeon.
You were not hungry.

You visited 1 branch of the dungeon, and saw 3 of its levels.

You collected 92 gold pieces.


Innate Abilities, Weirdness & Mutations

You do not eat or drink.
Your flesh is vulnerable to fire.
You are immune to poison.
Your flesh is cold resistant. (rC+)
You are immune to negative energy. (rN+++)
You are immune to unholy pain and torment.
You can survive without breathing.


   Skills:
 - Level 3.0 Fighting
 + Level 3.3 Dodging
 - Level 1.5 Stealth
 - Level 4.1 Unarmed Combat


You had 4 spell levels left.
You didn't know any spells.

Inventory:

Armour
 a - a +2 helmet (worn)
 d - a +0 buckler
Jewellery
 c - an uncursed ring of ice
Scrolls
 b - a scroll of identify {@r1}

Dungeon Overview and Level Annotations

Branches:
Dungeon (3/15)

Altars:
Ashenzari
Cheibriados
Elyvilon
Gozag
Qazlal
Trog

.....▒ ▒.▒▒▒▒▒▒▒.▒.▒▒▒.▒ .....▒
▒.........▒.▒ ▒.▒ .....▒
▒▒▒▒▒▒▒▒▒.▒.▒ ▒.▒ ..▒.▒▒ ▒.▒.▒
▒.▒ ▒.▒.▒ ▒▒...▒▒▒'▒▒▒ ▒.▒.▒
▒▒▒▒▒▒▒▒(.........▒
....▒▒▒▒▒▒......+..........▒
▒......▒.....▒.............▒
.......▒.....▒..M..........▒
.......▒▒.).▒▒..o..........▒▒▒▒▒▒
........▒...▒....o.........▒▒...▒
.▒......▒▒.▒▒......o.......▒▒.▒.▒
..▒▒▒.[..▒.▒....▒▒▒........▒▒.▒.▒
....▒▒▒.▒▒▒▒▒.▒▒▒...oo........▒.▒
▒▒....▒▒▒...▒▒▒.....▒▒.▒.▒..▒▒▒.▒
........▒._!▒.......▒▒.▒.▒......▒
▒▒....▒▒▒...▒▒▒....▒▒▒o▒.▒...▒▒▒▒


You could see 2 orc priests and 3 orcs.


Message History

Things that are here:
a club; a goblin skeleton x2
An orc is nearby!!!
The orc priest shouts!!!
You see here a bat skeleton!
The orc shouts!!! x3
The orc hits you!
The orc priest miscasts a cantrip!
The orc priest calls down the wrath of Beogh upon you!
Beogh smites you!!!
You see here a bat skeleton!
Things that are here:
a club; a goblin skeleton x2
The orc closely misses you!
The orc priest mumbles some strange prayers to Beogh against you!
Beogh smites you!!! * * * don't die
* * * The orc priest mumbles some strange prayers to Beogh against you!
Beogh smites you!!! * * * don't die
* * * The orc misses you!
As you read the scroll labeled FEANOELADO, it crumbles to dust!
You hear a loud clanging noise!!!
It was a scroll of noise!
As you read the scroll labeled MIWETEUCVA, it crumbles to dust!
You hear a crunching sound!
It was a scroll of random uselessness!
The orc barely misses you!
The orc priest looks braver for a moment!
The orc hits you! rip

Action                   |  1- 3 |  4- 6 || total
-------------------------+-------+-------++-------
Melee: Unarmed           |    97 |    97 ||   194
       Punch             |     3 |       ||     3
  Use: Scroll            |     1 |     6 ||     7
 Stab: Sleeping          |     2 |     4 ||     6
Armor: Skin              |       |     8 ||     8
Dodge: Dodged            |    91 |    44 ||   135

Vault maps used:
D:1:      minmay_arrival_five_plusses, grunt_decor_arrowhead
D:2:      minitemple, ecumenical_altar_1, serial_bayou_pond_a,
          kennysheep_potato, uniq_jessica
D:3:      nicolae_overflow_hidden_temple, nicolae_ashenzari_panopticon,
          first_bread, nicolae_gozag_seed_capital

Notes
Turn   | Place    | Note
--------------------------------------------------------------
     0 | D:1      | Stormbringer the Mummy Monk began the quest for the Orb.
     0 | D:1      | Reached XP level 1. HP: 18/18 MP: 1/1
   130 | D:1      | Reached XP level 2. HP: 17/24 MP: 2/2
   235 | D:1      | Reached skill level 3 in Unarmed Combat
   516 | D:1      | HP: 2/24 [bat (1)]
   923 | D:1      | Reached XP level 3. HP: 21/29 MP: 3/3
  1122 | D:2      | Found a faded altar of an unknown god.
  1428 | D:2      | Noticed Jessica
  1432 | D:2      | Found a bloodstained altar of Trog.
  1437 | D:2      | Killed Jessica
  1437 | D:2      | Reached skill level 4 in Unarmed Combat
  1437 | D:2      | Reached XP level 4. HP: 35/35 MP: 4/4
  1444 | D:2      | Found a white marble altar of Elyvilon.
  1448 | D:2      | Found a snail-covered altar of Cheibriados.
  2095 | D:3      | Found a stormy altar of Qazlal.
  2156 | D:3      | Found a shattered altar of Ashenzari.
  2218 | D:3      | Reached skill level 3 in Dodging
  2751 | D:3      | Reached XP level 5. HP: 37/41 MP: 5/5
  2792 | D:3      | Found an opulent altar of Gozag.
  3159 | D:3      | HP: 2/41 [orc priest/divine providence (11)]
  3172 | D:3      | Slain by an orc

Vanquished Creatures
  Jessica (D:2)
  5 adders
  An ooze (D:1)
  A dart slug (D:1)
  2 worms (D:2)
  An orc (D:3)
  5 giant cockroaches
  13 goblins
  11 hobgoblins
  6 bats
  2 giant newts
  7 kobolds
  5 rats
60 creatures vanquished.
